 Dungeon Crawl Stone Soup version 0.29-a0-1047-g7c58e119a4 (webtiles) character file.

Game seed: 8874479772188816181

101411 Newt the Markskobold (level 16, -7/97 HPs)
             Began as a Kobold Arcane Marksman on Aug 16, 2022.
             Was a High Priest of Hepliaklqana.
             Mangled by a spark wasp (19 damage)
             ... on level 2 of the Spider Nest.
             The game lasted 01:09:32 (27552 turns).

Newt the Markskobold (Kobold Arcane Marksman)      Turns: 27552, Time: 01:09:32

Health: -7/97      AC: 12    Str: 15    XL:     16   Next: 82%
Magic:  2/30       EV: 24    Int: 15    God:    Hepliaklqana [*****.]
Gold:   927        SH:  5    Dex: 26    Spells: 24/35 levels left

rFire   + + .      SeeInvis .   g - +9 triple crossbow "Feymp" {penet, Str+2}
rCold   . . .      Faith    .   (shield currently unavailable)
rNeg    . . .      Spirit   .   Y - +2 leather armour {rF+}
rPois   +          Reflect  +   N - +1 hat
rElec   .          Harm     +   s - scarf {harm}
rCorr   +          Rampage  .   E - +2 pair of gloves {Str+3}
Will    ++...                   o - +1 pair of boots
Stlth   ++++++....              K - amulet of reflection
HPRegen 0.26/turn               q - ring of Erphar {rF+ Will+ rCorr Dex+6 Stlth+}
MPRegen 0.22/turn               R - ring of poison resistance

@: no status effects
A: reduced essence, small, no large weapons, nightstalker 3, claws 1, robust 1
a: Renounce Religion, Recall Ancestor, Ancestor Identity, Transference, Idealise


You were on level 2 of the Spider Nest.
You worshipped Hepliaklqana.
Hepliaklqana was extremely pleased with you.
You visited 5 branches of the dungeon, and saw 23 of its levels.
You also visited: Volcano.

You collected 2019 gold pieces.
You spent 1092 gold pieces at shops.

Inventory:

Hand Weapons
 c - a +2 arbalest of flaming
 e - the +8 shortbow of Breach {venom, Drain rElec rCorr Int+7}
   (You acquired it on level 3 of the Dungeon)

   Any ammunition fired from it poisons the flesh of those it strikes.
   Int:       It affects your intelligence (+7).
   rElec:     It insulates you from electricity.
   rCorr:     It protects you from acid and corrosion.
   Drain:     It drains your maximum health when unequipped.
 g - the +9 triple crossbow "Feymp" (weapon) {penet, Str+2}
   (You acquired it on level 5 of the Lair of Beasts)

   Any ammunition fired by it passes through the targets it hits, potentially
   hitting all targets in its path until it reaches maximum range.
   Str:       It affects your strength (+2).
 u - the +2 sling "Sazef" {freeze, rF+ Int-4 Dex+4}
   (You found it on level 3 of the Lair of Beasts)

   Any ammunition fired from it freezes those it strikes, dealing additional
   cold damage.
   It can also slow down cold-blooded creatures.
   Int:       It affects your intelligence (-4).
   Dex:       It affects your dexterity (+4).
   rF:        It protects you from fire.
Armour
 o - a +1 pair of boots (worn)
 s - a scarf of harm (worn)
 w - a +0 chain mail of willpower
 E - a +2 pair of gloves of strength (worn)
 N - a +1 hat (worn)
 Q - +0 acid dragon scales
 Y - a +2 leather armour of fire resistance (worn)
Jewellery
 b - a +6 ring of intelligence
 i - a ring of ice
 p - a ring of magical power
 q - the ring of Erphar (left hand) {rF+ Will+ rCorr Dex+6 Stlth+}
   (You acquired it on level 3 of the Dungeon)

   [ring of dexterity]

   Dex:       It affects your dexterity (+6).
   rF:        It protects you from fire.
   rCorr:     It protects you from acid and corrosion.
   Will:      It increases your willpower.
   Stlth:     It makes you more stealthy.
 r - a ring of positive energy
 z - a ring of protection from cold
 A - a ring of fire
 H - an amulet of faith
 I - a ring of magical power
 J - a ring of wizardry
 K - an amulet of reflection (around neck)
 O - an amulet of guardian spirit
 R - a ring of poison resistance (right hand)
Wands
 n - a wand of digging (14)
 t - a wand of paralysis (1)
 y - a wand of flame (74)
 L - a wand of iceblast (14)
 M - a wand of acid (7)
 U - a wand of polymorph (11)
Scrolls
 d - 3 scrolls of fog
 f - a scroll of amnesia
 j - 3 scrolls of enchant armour
 m - 6 scrolls of enchant weapon
 x - a scroll of brand weapon
 C - 5 scrolls of poison
 F - a scroll of fear
 G - 6 scrolls of silence
 P - 2 scrolls of identify
 S - 3 scrolls of teleportation
Potions
 a - a potion of resistance
 h - 2 potions of brilliance
 k - 3 potions of flight
 l - 12 potions of curing
 B - 5 potions of mutation
 D - 7 potions of magic
 T - 2 potions of berserk rage
 X - 6 potions of ambrosia
Miscellaneous
 v - a lightning rod (4/4)


   Skills:
 - Level 10.0 Fighting
 - Level 18.0 Ranged Weapons
 - Level 5.0 Armour
 - Level 10.0 Dodging
 - Level 6.0 Stealth
 - Level 10.0 Spellcasting
 + Level 9.7 Hexes
 - Level 6.0 Translocations
 - Level 6.0 Fire Magic
 - Level 8.0 Invocations
 - Level 15.0 Evocations


You had 24 spell levels left.
You knew the following spells:

 Your Spells              Type           Power      Damage    Failure   Level
a - Slow                  Hex            100%       N/A       1%          1
b - Portal Projectile     Hex/Tloc       62%        N/A       1%          3
c - Inner Flame           Hex/Fire       31%        N/A       1%          3
d - Cause Fear            Hex            18%        N/A       1%          4

Your spell library contained the following spells:

 Spells                   Type           Power      Damage    Failure   Level
 Confusing Touch          Hex            36%        N/A       1%          3
 Tukima's Dance           Hex            36%        N/A       1%          3
 Ensorcelled Hibernation  Hex/Ice        44%        N/A       2%          2
 Gell's Gravitas          Tloc           25%        N/A       3%          3
 Lesser Beckoning         Tloc           25%        N/A       3%          3
 Teleport Other           Tloc           25%        N/A       3%          3
 Freeze                   Ice            28%        1d5       12%         1
 Anguish                  Hex/Necr       11%        N/A       16%         4
 Leda's Liquefaction      Hex/Erth       11%        N/A       16%         4
 Sublimation of Blood     Necr           7%         N/A       17%         2
 Call Canine Familiar     Summ           7%         N/A       34%         3
 Frozen Ramparts          Ice            14%        1d3       34%         3
 Spider Form              Tmut/Pois      7%         N/A       34%         3
 Vampiric Draining        Necr           7%         2d6       34%         3
 Yara's Violent Unravell  Hex/Tmut       11%        3d6       41%         5
 Hailstorm                Conj/Ice       7%         3d4       75%         4
 Petrify                  Tmut/Erth      7%         N/A       75%         4
 Summon Lightning Spire   Summ/Air       7%         N/A       75%         4
 Enfeeble                 Hex            18%        N/A       87%         7
 Blade Hands              Tmut           3%         N/A       97%         5
 Irradiate                Conj/Tmut      3%         3d12      97%         5
 Storm Form               Tmut/Air       3%         N/A       100%        7
 Maxwell's Capacitive Co  Air            3%         ∞         100%        8


Dungeon Overview and Level Annotations

Branches:
Dungeon (13/15)            Temple (1/1) D:6            Lair (5/5) D:9
 Shoals (0/4) Lair:2       Spider (3/4) Lair:3        Slime (1/5) Lair:5
    Orc (0/2) D:9         Volcano (visited)
 Vaults: D:13-14

Altars:
Ashenzari
Cheibriados
Dithmenos
Elyvilon
Fedhas
Gozag
Hepliaklqana
Kikubaaqudgha
Makhleb
Nemelex Xobeh
Okawaru
Qazlal
Ru
Sif Muna
Trog
Uskayaw
Vehumet
Wu Jian
Xom
Yredelemnul
The Shining One
Jiyva

Shops:
D:3 [   D:7 *:   D:9 ([*   D:11 =

Portals:
Trove: D:12 (give +6 demon trident)

Annotations:
D:3 1 runed translucent door, Crazy Yiuf


Innate Abilities, Weirdness & Mutations

Your life essence is reduced to manifest your ancestor. (-10% HP)
You are small and have problems with some larger weapons.
You are completely attuned to the shadows.
You have sharp fingernails.
You are robust. (+10% HP)


Message History

Press: ? - help, Shift-Dir - straight line, f - spark wasp
Aim: a spark wasp (ally target, 70% to hit)
You shoot a bolt.
The bolt pierces through the spark wasp!!
The spark wasp is heavily wounded.
A wolf spider comes into view.
A tarantella comes into view.
The spark wasp barely misses you.
Izel blocks the boulder beetle's attack.
The spark wasp completely misses you.
The boulder beetle leaps!
Izel barely misses the spark wasp.
The spark wasp stings you! The spark wasp shocks you!
Izel hits the spark wasp but does no damage.
You climb upwards.
There is a stone staircase leading down here.
Unknown command.
Fire: g) +9 triple crossbow "Feymp" {penet, Str+2}
Press: ? - help, Shift-Dir - straight line, f - spark wasp
Aim: a spark wasp (heavily wounded, 70% to hit)
You shoot a bolt.
The bolt pierces through the spark wasp.
The spark wasp is heavily wounded.
The spark wasp completely misses you. The spark wasp barely misses you.
Izel hits the spark wasp with a +0 broad axe of flaming!
Izel burns the spark wasp.
The spark wasp closely misses you.
Fire: g) +9 triple crossbow "Feymp" {penet, Str+2}
Press: ? - help, Shift-Dir - straight line, f/p - spark wasp
Aim: a spark wasp (severely wounded, ally target, 70% to hit)
You shoot a bolt. The bolt misses the spark wasp.
The spark wasp misses you.
Izel completely misses the spark wasp.
You block the spark wasp's attack.
Unknown command.
Fire: g) +9 triple crossbow "Feymp" {penet, Str+2}
Press: ? - help, Shift-Dir - straight line, f/p - spark wasp
Aim: a spark wasp (severely wounded, ally target, 70% to hit)
You shoot a bolt. The bolt closely misses the spark wasp.
Izel hits the spark wasp with a +0 broad axe of flaming!
Izel burns the spark wasp.
The spark wasp closely misses you.
Izel barely misses the spark wasp.
The spark wasp stings you!!
* * * LOW HITPOINT WARNING * * *
The spark wasp shocks you!
You die...

##### ## ######...####.##
### #
##.##....#^##...###.###
###.......#..##....#....#
##......#..#............##
#...###.^#.....R#.....#.^#
...^# ###.#..#.y@##.#^...#
^.### #.^.....#####....#
### #.#.#!### #^.#.#
##...## ###..## #####
##.<..# #....## #..###
##..## # ###..#


You could see the friendly Izel the knight and a spark wasp (ally target).

Vanquished Creatures
  Arachne (Spider:2)
  2 ghost moths
  A broodmother (Spider:2)
  An entropy weaver (Spider:1)
  A minotaur (Lair:4)
  A fire dragon (Lair:5)
  2 boulder beetles
  3 hydras
  A catoblepas (Lair:2)
  A jorogumo (Spider:2)
  2 two-headed ogres (D:11)
  A radroach (Spider:2)
  10 death yaks
  2 pharaoh ants (Spider:1)
  7 orb spiders
  2 lindwurms (Lair:5)
  10 wolf spiders
  Pikel (D:5)
  2 oklob plants (Lair:3)
  A deep elf pyromancer (D:13)
  2 manticores
  8 elephants
  2 cyclopes
  A moth of wrath (Spider:2)
  A gargoyle (D:13)
  4 torpor snails
  4 black mambas
  A merfolk siren (Lair:2)
  2 unseen horrors (D:12)
  An orange demon (D:9)
  6 cane toads
  9 komodo dragons
  2 demonic crawlers
  A kobold demonologist (D:7)
  2 rime drakes
  A queen bee (Lair:1)
  2 tyrant leeches (Lair:5)
  9 tarantellas
  The ghost of Manisian the Vexing, a novice SpEn (D:5)
  6 hornets
  7 polar bears
  A raiju (Lair:5)
  Prince Ribbit (D:7)
  3 slime creatures
  8 blink frogs
  Sigmund (D:2)
  9 culicivoras
  7 wraiths
  A water elemental (D:11)
  9 jumping spiders
  A wyvern (D:8)
  3 basilisks
  22 yaks
  Grum (D:9)
  2 fire elementals (Volcano)
  4 vampire mosquitoes
  3 wargs (Lair:5)
  23 redbacks
  2 acid dragons
  17 water moccasins
  15 hell hounds (Lair:5)
  A sky beast (D:6)
  10 black bears
  4 orc warriors
  3 boggarts (Lair:3)
  3 ogres
  23 wolves
  3 centaurs
  2 lemures (D:5)
  A gnoll sergeant (D:9)
  A kobold brigand (D:9)
  2 necrophages (D:5)
  9 bullfrogs
  An earth elemental (Volcano)
  3 scorpions
  11 wights
  A vampire bat (D:4)
  37 killer bees
  An electric eel (D:8)
  An orc priest (D:4)
  2 hounds
  3 jellies
  Ijyb (D:4)
  4 iguanas (D:5)
  12 orc wizards
  4 gnolls (D:9)
  6 adders
  A shadow imp (D:7)
  4 white imps
  8 worms
  2 dart slugs
  38 orcs
  5 ball pythons
  16 bats
  10 endoplasms
  8 giant cockroaches
  5 hobgoblins
  3 jackals (D:1)
  11 kobolds
  2 quokkas
  3 frilled lizards
  9 goblins
  5 rats
536 creatures vanquished.

Vanquished Creatures (collateral kills)
  Gastronok (D:9)
  A ghost moth (Spider:1)
  A stone giant (Volcano)
  An entropy weaver (Spider:2)
  Josephine (Lair:3)
  3 hydras
  A two-headed ogre (D:9)
  2 death yaks (Lair:2)
  Amaemon (D:9)
  A pharaoh ant (Lair:3)
  A steelbarb worm (Spider:2)
  2 orb spiders
  2 wolf spiders (Spider:1)
  A cyclops (D:13)
  A moth of wrath (Spider:2)
  9 elephants
  4 torpor snails
  A gargoyle (Volcano)
  2 cane toads
  A rime drake (Lair:5)
  2 komodo dragons
  An efreet (Volcano)
  6 polar bears
  A tyrant leech (Lair:5)
  5 tarantellas
  3 hornets (Lair:5)
  A dream sheep (Lair:5)
  A jumping spider (Spider:2)
  4 culicivoras (Spider:1)
  8 yaks
  A shadow (D:11)
  A basilisk (Lair:5)
  7 redbacks
  A vampire mosquito (D:12)
  A warg (Lair:5)
  An acid dragon (D:12)
  A hell hound (Lair:5)
  3 water moccasins
  2 orc warriors
  4 black bears (Lair:5)
  7 wolves
  A boggart (Lair:3)
  4 centaurs
  3 bullfrogs
  An earth elemental (Volcano)
  A scorpion (Lair:3)
  9 killer bees
  An orc priest (D:8)
  2 jellies (Lair:5)
  2 orc wizards (D:9)
  A gnoll (D:9)
  7 orcs
  An endoplasm (Lair:5)
  A kobold (D:9)
132 creatures vanquished.

Vanquished Creatures (others)
  A redback (Spider:2)
  8 knights
  4 ancestors (D:7)
  7 bushes (Lair:2)
  71 fungi
  89 plants
180 creatures vanquished.

Grand Total: 848 creatures vanquished

Notes
Turn   | Place    | Note
-------+----------+-------------------------------------------
     0 | D:1      | Newt the Kobold Arcane Marksman began the quest for the
                  | Orb.
     0 | D:1      | Reached XP level 1. HP: 12/12 MP: 2/2
    96 | D:1      | Reached skill level 1 in Stealth
   440 | D:1      | Reached XP level 2. HP: 13/16 MP: 3/3
   589 | D:1      | Reached skill level 3 in Ranged Weapons
   940 | D:1      | Reached XP level 3. HP: 15/20 MP: 4/4
  1485 | D:2      | Reached skill level 4 in Ranged Weapons
  1756 | D:2      | Reached XP level 4. HP: 26/26 MP: 5/5
  2062 | D:2      | Noticed Sigmund
  2090 | D:2      | Killed Sigmund
  2091 | D:2      | Reached skill level 6 in Ranged Weapons
  2091 | D:2      | Reached XP level 5. HP: 23/32 MP: 2/6
  2091 | D:2      | Reached XP level 6. HP: 27/37 MP: 2/7
  2874 | D:3      | Found a runed translucent door.
  2877 | D:3      | Noticed Crazy Yiuf
  2944 | D:3      | Found a hide-covered altar of Uskayaw.
  2968 | D:3      | Found a white marble altar of Elyvilon.
  3576 | D:3      | Found Litaj's Antique Armour Boutique.
  3606 | D:3      | Identified 2 scrolls of acquirement
  3606 | D:3      | Acquired the ring of Erphar {rF+ Will+ rCorr Dex+6 Stlth+}
  3610 | D:3      | Acquired the +8 shortbow of Breach {venom, Drain rElec
                  | rCorr Int+7}
  4156 | D:4      | Reached XP level 7. HP: 41/41 MP: 11/11
  4204 | D:4      | Noticed Ijyb
  4226 | D:4      | Reached skill level 1 in Translocations
  4227 | D:4      | Paralysed by Ijyb for 2 turns
  4229 | D:4      | Killed Ijyb
  4268 | D:4      | Learned a level 3 spell: Portal Projectile
  4310 | D:4      | Found a broken altar of Ashenzari.
  4944 | D:5      | Entered Level 5 of the Dungeon
  4995 | D:5      | Reached skill level 7 in Ranged Weapons
  5199 | D:5      | Noticed Pikel
  5206 | D:5      | Killed Pikel
  5207 | D:5      | Reached skill level 8 in Ranged Weapons
  5207 | D:5      | Reached XP level 8. HP: 40/46 MP: 10/12
  5267 | D:5      | Reached skill level 5 in Evocations
  5538 | D:5      | Found a large runed translucent door.
  5539 | D:5      | Found a large runed translucent door.
  5636 | D:5      | Reached skill level 5 in Spellcasting
  5636 | D:5      | Reached XP level 9. HP: 44/50 MP: 14/16
  5924 | D:5      | Reached skill level 5 in Dodging
  6251 | D:5      | Noticed Manisian's ghost (novice SpEn)
  6263 | D:5      | Killed Manisian's ghost
  6354 | D:5      | Gained mutation: You are robust. (+10% HP) [potion of
                  | mutation]
  6354 | D:5      | Gained mutation: You have sharp fingernails. [potion of
                  | mutation]
  6420 | D:6      | Found a sparkling altar of Nemelex Xobeh.
  6443 | D:6      | Found a staircase to the Ecumenical Temple.
  6449 | Temple   | Entered the Ecumenical Temple
  6452 | Temple   | Found a transporter.
  6452 | Temple   | Found a transporter.
  6454 | Temple   | Found a transporter.
  6454 | Temple   | Found a transporter.
  6497 | Temple   | Became a worshipper of Hepliaklqana the Forgotten
  6833 | D:6      | Reached skill level 5 in Fighting
  7472 | D:7      | Found Maqim's General Store.
  7492 | D:7      | Bought a +2 pair of gloves of strength for 258 gold pieces
  7492 | D:7      | Bought a scroll of enchant armour for 90 gold pieces
  7507 | D:7      | Reached skill level 5 in Stealth
  7532 | D:7      | Noticed Prince Ribbit
  7631 | D:7      | Reached * piety under Hepliaklqana
  7656 | D:7      | Identified the +6 mace of Juluoku {holy, rElec Will+++
                  | Str-2 SInv}
  7714 | D:6      | Reached XP level 10. HP: 49/60 MP: 17/17
  7774 | D:7      | Killed Prince Ribbit
  8125 | D:7      | Found Moatuetiuf's Book Shop.
  8402 | D:7      | Reached skill level 5 in Hexes
  8402 | D:7      | Reached skill level 5 in Translocations
  8535 | D:7      | Noticed a boulder beetle
  8535 | D:7      | Noticed a kobold demonologist
  8540 | D:7      | Killed a kobold demonologist
  9058 | D:7      | Killed a boulder beetle
  9068 | D:7      | Reached skill level 9 in Ranged Weapons
  9133 | D:7      | Learned a level 3 spell: Inner Flame
  9295 | D:8      | Found a bloodstained altar of Trog.
  9416 | D:8      | Reached ** piety under Hepliaklqana
  9417 | D:8      | Remembered your ancestor Izel as a knight
  9595 | D:8      | Reached skill level 10 in Ranged Weapons
 10034 | D:9      | Reached XP level 11. HP: 64/64 MP: 18/18
 10043 | D:9      | Found a staircase to the Orcish Mines.
 10043 | D:9      | Found Ygef's Weapon Shoppe.
 10043 | D:9      | Found Bystrynah's Armour Shoppe.
 10044 | D:9      | Noticed Amaemon
 10058 | D:9      | Killed Amaemon
 10065 | D:9      | Noticed Grum
 10071 | D:9      | Killed Grum
 10082 | D:9      | Reached skill level 10 in Evocations
 10082 | D:9      | Reached skill level 1 in Invocations
 10391 | D:9      | Noticed a two-headed ogre
 10407 | D:9      | Killed a two-headed ogre
 10408 | D:9      | Reached skill level 5 in Invocations
 10433 | D:9      | Found an opulent altar of Gozag.
 10436 | D:9      | Found a stormy altar of Qazlal.
 10548 | D:9      | Found Vofaer's Gadget Gallery.
 10568 | D:9      | Bought a wand of paralysis (4) for 144 gold pieces
 10658 | D:9      | Found a staircase to the Lair.
 10810 | D:9      | Noticed Gastronok
 10938 | D:9      | Killed Gastronok
 10939 | D:9      | Reached XP level 12. HP: 70/70 MP: 19/19
 11280 | D:9      | Found a radiant altar of Vehumet.
 11327 | D:10     | Entered Level 10 of the Dungeon
 11330 | D:10     | Reached *** piety under Hepliaklqana
 12209 | D:10     | Reached skill level 10 in Dodging
 12463 | D:11     | Noticed a two-headed ogre
 12469 | D:11     | Killed a two-headed ogre
 12506 | D:11     | Found Dezauj's Jewellery Boutique.
 12704 | D:11     | Noticed a two-headed ogre
 12708 | D:11     | Killed a two-headed ogre
 12887 | D:11     | Reached **** piety under Hepliaklqana
 13682 | D:12     | Noticed a boulder beetle
 13697 | D:12     | Killed a boulder beetle
 13808 | D:12     | Reached skill level 10 in Fighting
 13888 | D:12     | Reached skill level 1 in Armour
 14150 | D:12     | Found a portal to a secret trove of treasure.
 14676 | D:13     | Reached XP level 13. HP: 82/82 MP: 20/20
 14748 | D:12     | Reached skill level 5 in Armour
 15134 | Lair:1   | Entered Level 1 of the Lair of Beasts
 16535 | Lair:2   | Reached skill level 11 in Ranged Weapons
 16535 | Lair:2   | Found a dark tunnel.
 16547 | Volcano  | Entered a volcano
 16726 | Volcano  | Noticed a stone giant
 16736 | Volcano  | Killed a stone giant
 16911 | Lair:2   | Reached skill level 12 in Ranged Weapons
 17129 | Lair:2   | Noticed a catoblepas
 17559 | Lair:2   | Noticed a five-headed hydra
 17569 | Lair:2   | Killed a five-headed hydra
 17572 | Lair:2   | Noticed a four-headed hydra
 17575 | Lair:2   | Killed a four-headed hydra
 17719 | Lair:2   | Learned a level 4 spell: Cause Fear
 17748 | Lair:2   | Reached ***** piety under Hepliaklqana
 17866 | Lair:2   | Killed a catoblepas
 17867 | Lair:2   | Reached XP level 14. HP: 80/88 MP: 21/21
 18035 | Lair:2   | Identified the +4 mace "Uxzywysm" {drain, Contam rN+ Int+4}
 18173 | Lair:2   | Found a staircase to the Shoals.
 18614 | Lair:3   | Identified the +2 sling "Sazef" {freeze, rF+ Int-4 Dex+4}
 18681 | Lair:3   | Found a hole to the Spider Nest.
 18719 | Lair:3   | Found a basalt altar of Yredelemnul.
 18749 | Lair:3   | Noticed Josephine
 18761 | Lair:3   | Killed Josephine
 18762 | Lair:3   | Reached skill level 15 in Evocations
 18767 | Lair:3   | Reached skill level 1 in Fire Magic
 19116 | Lair:3   | Found a blossoming altar of Fedhas.
 19429 | Lair:4   | Reached skill level 5 in Fire Magic
 19610 | Lair:4   | HP: 1/88 [death yak (27)]
 20468 | Lair:4   | Reached skill level 13 in Ranged Weapons
 20483 | Lair:4   | Identified the +6 hand axe of the Lost Leylines {pain, rN+
                  | rCorr Int-4}
 20520 | Lair:4   | Found a runed translucent door.
 20853 | Lair:4   | Found a shadowy altar of Dithmenos.
 21331 | Lair:4   | Noticed a minotaur
 21341 | Lair:4   | Killed a minotaur
 21497 | Lair:5   | Entered Level 5 of the Lair of Beasts
 21529 | Lair:5   | Reached XP level 15. HP: 92/92 MP: 22/22
 21544 | Lair:5   | Reached skill level 14 in Ranged Weapons
 21655 | Lair:5   | Reached skill level 15 in Ranged Weapons
 21953 | Lair:5   | Acquired the +9 triple crossbow "Feymp" {penet, Str+2}
 22008 | Lair:5   | Found a viscous altar of Jiyva.
 22009 | Lair:5   | Found a staircase to the Slime Pits.
 22151 | Lair:5   | Identified the +1 robe "Ariunnex" {Regen+ Dex+2}
 22390 | Lair:5   | Reached skill level 16 in Ranged Weapons
 22544 | Lair:5   | Reached skill level 17 in Ranged Weapons
 22826 | Lair:5   | Found a runed translucent door.
 22921 | Lair:5   | Paralysed by a hornet for 2 turns
 23347 | Lair:5   | Paralysed by a hornet for 3 turns
 23351 | Lair:5   | Reached skill level 18 in Ranged Weapons
 23581 | Slime:1  | Entered Level 1 of the Pits of Slime
 23581 | Slime:1  | Noticed a quicksilver ooze
 23581 | Slime:1  | Noticed an azure jelly
 23870 | D:11     | Bought an amulet of reflection for 360 gold pieces
 23870 | D:11     | Bought a ring of poison resistance for 240 gold pieces
 24031 | Spider:1 | Entered Level 1 of the Spider Nest
 24754 | Spider:1 | Reached XP level 16. HP: 40/90 MP: 26/26
 26072 | Spider:2 | Reached skill level 10 in Spellcasting
 27201 | Spider:2 | Noticed Arachne
 27216 | Spider:2 | Killed Arachne
 27552 | Spider:2 | Mangled by a spark wasp

Illustrated notes

Levels and vault maps discovered:
D:1:      nzn_arrival_crosshair, layout_basic, minmay_pentomino_z4
D:2:      layout_basic, uniq_sigmund
D:3:      layout_loops_ring, mainiacjoe_overflow_alcove_1,
          mainiacjoe_overflow_small_starburst, serial_shops, shop,
          uniq_crazy_yiuf_cottage
D:4:      layout_basic, lemuel_crystal_altar, st_stairs_14, roderic_batcave,
          minivault_27, uniq_ijyb
D:5:      layout_loops_corners, lemuel_tele_altar, ebering_ghost_disaster_area,
          uniq_pikel
D:6:      layout_rooms, nemelex_xobeh_ov_fountains_minmay,
          minmay_temple_entry_trees, kennysheep_big_empty_room
D:7:      minmay_chambers_of_sevens, layout_basic, serial_shops, shop,
          shop_coins, grunt_decor_one_mirror, nicolae_kite_square_tiling_tiny,
          minmay_door_square, minmay_misc_feat_encased, uniq_prince_ribbit1
D:8:      layout_loops_ring, trog_three_pillars_becter, serial_bayou,
          serial_bayou_pond_a, serial_bayou_pond_e, serial_bayou_shore_b,
          serial_bayou_crossing
D:9:      layout_basic, nicolae_overflow_squiral, lemuel_crystal_altar,
          due_lair_maze_entry_diamond, orc_david_3, hex_medium,
          nicolae_shop_gadgets, uniq_grum, uniq_gastronok, uniq_amaemon
D:10:     layout_gridville
D:11:     layout_long_grid, serial_shops, nicolae_shop_advertising_works
          [nicolae_subvault_shop_adworks], serial_bayou, serial_bayou_shore_b,
          serial_bayou_pond_a, serial_bayou_lake_a, serial_bayou_pond_c,
          serial_bayou_ford_a
D:12:     layout_cave_pods, enter_trove_3
D:13:     layout_loops_ring, grunt_vaults_entry_fortified, grunt_tough_drop,
          uniq_kirke
Temple:   hellmonk_temple_divided_pantheon
Lair:1:   layout_loops_ring, special_room [special_room_bee]
Lair:2:   layout_cave_pods, minmay_shoals_entry_lonely_mermaid,
          nicolae_volcano_entry_two_sided, minmay_hedge_maze
Lair:3:   layout_roguey, nicolae_spider_entry_non_spiders, basic_altar,
          hangedman_tree_tricks, kilobyte_rumbling_trees,
          infiniplex_staircase_pool, uniq_josephine
Lair:4:   dreamdust_labyrinth, layout_cave_pods,
          portal_ice_cave_entry_pillars_1, lemuel_centaur_altar
Lair:5:   wormcave, layout_gridlike, hangedman_lair_caniforms_friends,
          nicolae_slime_entry_slimehenge, grunt_megastairs_1
Spider:1: layout_spider_delve
Spider:2: nicolae_orb_stairs_large, uniq_arachne
Spider:3: spiders_nest_scorpion_pit, nicolae_spider_eight_legs,
          hangedman_spider_tarantella_strand
Slime:1:  layout_caves

Skill      XL: |  1  2  3  4  5  6  7  8  9 10 11 12 13 14 15 16 |
---------------+-------------------------------------------------+-----
Stealth        | 2 3 6 |  6.0
Ranged Weapons | 3 4 6 8 10 12 13 18 | 18.0
Fighting       | 3 6 10 | 10.0
Dodging        | 3 4 6 9 10 | 10.0
Spellcasting   | 2 3 5 7 10 | 10.0
Translocations | 3 6 |  6.0
Evocations     | 4 5 6 10 12 15 | 15.0
Hexes          | 6 9 |  9.7
Invocations    | 5 8 |  8.0
Armour         | 4 5 |  5.0
Fire Magic     | 6 |  6.0

Action                   |  1- 3 |  4- 6 |  7- 9 | 10-12 | 13-15 | 16-18 || total
-------------------------+-------+-------+-------+-------+-------+-------++-------
Melee: Shortbow          |       |       |       |     1 |       |       ||     1
 Fire: Sling             |    95 |   106 |       |       |       |       ||   201
       Shortbow          |       |    27 |   171 |   365 |   557 |       ||  1120
       Triple crossbow   |       |       |       |       |   170 |   128 ||   298
 Cast: Slow              |     5 |     6 |     9 |     3 |     7 |       ||    30
       Portal Projectile |       |       |     2 |     3 |       |       ||     5
       Inner Flame       |       |       |       |     9 |    10 |       ||    19
       Cause Fear        |       |       |       |       |     3 |       ||     3
Invok: Ancestor Life: Kn |       |       |       |     1 |       |       ||     1
       Idealise          |       |       |       |       |     1 |       ||     1
Evoke: Wand              |       |       |       |       |     5 |    10 ||    15
       Lightning rod     |       |       |       |       |       |     2 ||     2
  Use: Scroll            |     4 |     4 |     7 |     6 |    14 |       ||    35
       Potion            |       |       |     2 |       |     7 |       ||     9
Armor: Robe              |    11 |     4 |     8 |    14 |       |       ||    37
       Acid dragon scale |       |       |       |    16 |     4 |       ||    20
       Leather armour    |       |       |       |       |    58 |    21 ||    79
Dodge: Dodged            |    61 |    44 |    61 |   143 |   269 |    70 ||   648
Block: Other             |       |       |       |       |    22 |    21 ||    43

Table legend: (Time is in decaauts)
 A = Elapsed time spent in this place.
 B = Non-inter-level travel time spent in this place.
 C = Inter-level travel time spent in this place.
 D = Time resting spent in this place.
 E = Time spent auto-exploring this place.
 F = Levels seen in this place.
 G = Mean time per level.
                   A        B        C        D        E       F      G
               +--------+--------+--------+--------+--------+-----+--------+
         Total |  27875 |  26653 |   1222 |   5581 |  16647 |  24 | 1161.5 |
       Dungeon |  15349 |  14779 |    570 |   2284 |  10059 |  13 | 1180.7 |
        Temple |     63 |     53 |     10 |      0 |     19 |   1 |   63.0 |
          Lair |   9056 |   8472 |    584 |   1765 |   5399 |   5 | 1811.2 |
   Spider Nest |   3076 |   3018 |     58 |   1532 |   1028 |   3 | 1025.3 |
    Slime Pits |      1 |      1 |      0 |      0 |      0 |   1 |    1.0 |
       Volcano |    328 |    328 |      0 |      0 |    141 |   1 |  328.0 |
               +--------+--------+--------+--------+--------+-----+--------+

Top non-repeatable levels by time:
  Lair:4: 2171 daAuts
  Lair:5: 2150 daAuts
     D:7: 1757 daAuts
  Lair:3: 1631 daAuts
  Lair:2: 1602 daAuts
Spider:1: 1547 daAuts
    D:12: 1518 daAuts
Spider:2: 1512 daAuts
  Lair:1: 1500 daAuts
     D:5: 1473 daAuts
     D:1: 1470 daAuts
     D:9: 1373 daAuts
     D:2: 1246 daAuts
     D:3: 1206 daAuts
    D:10: 1150 daAuts
